 Dungeon Crawl Stone Soup version 0.26-b1-32-g5d43845318 (webtiles) character file.

Game seed: 667759415737751593

4436 Aviak the Spear-Bearer (level 10, -1/99 HPs)
             Began as a Tengu Abyssal Knight on Jan 12, 2021.
             Was a High Priest of Lugonu.
             Slain by a swamp worm (12 damage)
             ... on level 8 of the Dungeon.
             The game lasted 00:10:16 (7581 turns).

Aviak the Spear-Bearer (Tengu Abyssal Knight)       Turns: 7581, Time: 00:10:17

Health: -1/99      AC: 25    Str: 14    XL:     10   Next: 36%
Magic:  12/12      EV:  2    Int: 15    God:    Lugonu [*****.]
Gold:   359        SH:  0    Dex: 18    Spells: 9/9 levels left

rFire    . . .     SeeInvis .   a - +1 spear
rCold    . . .     Faith    .   (no shield)
rNeg     + + +     Spirit   .   (armour currently unavailable)
rPois    +         Reflect  .   (helmet currently unavailable)
rElec    +         Harm     .   (cloak currently unavailable)
rCorr    .         Rampage  .   (gloves currently unavailable)
Will     .....     NoTele   +   (boots unavailable)
Stlth    +.........             (no amulet)
HPRegen  0.26/turn              q - ring of wizardry
MPRegen  0.13/turn              v - ring "Duxarupn" {rElec Str+2 Int+3 Slay+4 Stlth-}

@: tree-form
A: able to fly
a: Renounce Religion, Depart the Abyss, Bend Space, Banish, Corrupt, Enter the
Abyss


You were on level 8 of the Dungeon.
You worshipped Lugonu.
Lugonu was extremely pleased with you.
You were a tree.
You visited 1 branch of the dungeon, and saw 8 of its levels.
You visited the Abyss 1 time.

You collected 359 gold pieces.

Inventory:

Hand Weapons
 a - a +1 spear (weapon)
Armour
 b - a +0 leather armour
 e - a +1 cloak of poison resistance (melded)
 j - a +0 ring mail
 l - a +0 hat (melded)
 m - a +3 chain mail
 u - the +2 robe "Paynox" (melded) {rC+ Slay+2 SInv}
   (You found it on level 5 of the Dungeon)

   It affects your accuracy and damage with ranged weapons and melee attacks
   (+2).
   It protects you from cold.
   It lets you see invisible.
Jewellery
 q - a ring of wizardry (left branch)
 v - the ring "Duxarupn" (right branch) {rElec Str+2 Int+3 Slay+4 Stlth-}
   (You found it on level 5 of the Dungeon)

   [ring of slaying]

   It affects your strength (+2).
   It affects your intelligence (+3).
   It affects your accuracy and damage with ranged weapons and melee attacks
   (+4).
   It insulates you from electricity.
   It makes you less stealthy.
 B - an uncursed amulet of guardian spirit {unknown}
Wands
 w - a wand of disintegration (13)
 y - a wand of flame (9)
 C - a wand of acid (7)
 E - a wand of paralysis (4)
Scrolls
 f - 3 scrolls of fog
 h - a scroll of enchant armour
 i - 6 scrolls of identify
 n - 2 scrolls of enchant weapon
 r - 2 scrolls of remove curse
 s - a scroll of amnesia {unknown}
 t - 10 scrolls of teleportation
 x - 2 scrolls of blinking
Potions
 c - 3 potions of curing
 d - 3 potions of flight {unknown}
 g - 2 potions of magic {unknown}
 k - 2 potions of berserk rage
 o - 4 potions of attraction {unknown}
 p - 2 potions of brilliance {unknown}
 z - 2 potions of lignification {!q}
 A - a potion of heal wounds {unknown}
 D - a potion of might {unknown}


   Skills:
 + Level 9.1 Fighting
 + Level 9.6 Polearms
 - Level 7.7 Armour
 + Level 5.8 Dodging
 - Level 1.5 Invocations


You had 9 spell levels left.
You didn't know any spells.
Your spell library contained the following spells:

 Spells                   Type           Power        Failure   Level
 Animate Skeleton         Necr           0%           11%         1
 Pain                     Necr           0%           11%         1
 Gell's Gravitas          Tloc           0%           32%         3
 Vampiric Draining        Necr           0%           32%         3
 Animate Dead             Necr           0%           69%         4
 Dispel Undead            Necr           0%           69%         4
 Agony                    Necr           0%           95%         5
 Death Channel            Necr           0%           100%        6


Dungeon Overview and Level Annotations

Branches:
Dungeon (8/15)             Temple (0/1) D:4
   Lair: D:8-11

Altars:
Elyvilon
Kikubaaqudgha
Qazlal
Sif Muna
Trog
Vehumet
Yredelemnul

Annotations:
D:4 1 runed translucent door, Namnaref's ghost, weakling GrBe


Innate Abilities, Weirdness & Mutations

((You have a beak for a mouth.))
((You have claws for feet.))
You can fly continuously.


Message History

The swamp worm bites you but does no damage.
You hit the swamp worm but do no damage.
The swamp worm is heavily wounded.
The swamp worm bites you!
* * * LOW HITPOINT WARNING * * *
You barely miss the swamp worm.
The swamp worm is heavily wounded.
Unknown command.
You hit the swamp worm.
The swamp worm is heavily wounded.
The swamp worm bites you but does no damage.
Unknown command.
You closely miss the swamp worm.
The swamp worm is heavily wounded.
The swamp worm bites you.
* * * LOW HITPOINT WARNING * * *
You puncture the swamp worm!
The swamp worm is severely wounded.
The swamp worm bites you!
You die...

#......)###..y.....#
.
#......).###.#.y...Z
#......<.###.#.......
#............#
#..............
#........##..#.
#..............
#....w†.#.....#
#.####♣........
#†#.))..#.⌠.⌠.
#...###....... #..##
.#..... ......
...._.. ........#
.#.....
##....>...#... ...
............# ⌠.⌠.
..#.......#...


You could see a swamp worm.

Vanquished Creatures
  2 two-headed ogres (D:8)
  Grinder (D:4)
  Menkaure (D:3)
  A swamp worm (D:8)
  An orc warrior (D:6)
  An ice beast (D:8)
  An ogre (D:6)
  A phantom (D:7)
  2 centaurs (D:7)
  5 bullfrogs
  2 scorpions (D:3)
  12 killer bees
  4 wights (D:6)
  4 howler monkeys
  2 hounds
  A centaur skeleton (D:8)
  8 orc priests
  3 orc wizards
  3 iguanas
  6 worker ants
  A hound zombie (D:7)
  A hound skeleton (D:5)
  Robin (D:2)
  10 adders
  A howler monkey skeleton (D:4)
  2 white imps (D:7)
  An ufetubus (D:7)
  An ooze (D:6)
  An adder skeleton (D:4)
  3 worms (D:2)
  A dart slug (D:5)
  4 leopard geckos
  20 orcs
  11 bats
  5 giant cockroaches
  9 hobgoblins
  13 jackals
  5 kobolds
  5 quokkas
  A ball python (D:2)
  5 frilled lizards
  15 goblins
  3 leopard gecko skeletons
  5 rats
185 creatures vanquished.

Vanquished Creatures (others)
  19 plants
19 creatures vanquished.

Grand Total: 204 creatures vanquished

Notes
Turn   | Place    | Note
-------+----------+-------------------------------------------
     0 | Abyss:1  | Aviak the Tengu Abyssal Knight began the quest for the Orb.
     0 | Abyss:1  | Reached XP level 1. HP: 14/14 MP: 3/3
     9 | D:1      | Escaped the Abyss
   201 | D:1      | Reached XP level 2. HP: 14/19 MP: 4/4
   518 | D:1      | Reached ** piety under Lugonu
   968 | D:2      | Reached XP level 3. HP: 23/23 MP: 5/5
  1154 | D:2      | Noticed Robin
  1173 | D:2      | Killed Robin
  1174 | D:2      | Reached XP level 4. HP: 11/29 MP: 6/6
  2102 | D:3      | Gained mutation: You can fly continuously. [Tengu growth]
  2102 | D:3      | Reached XP level 5. HP: 26/33 MP: 7/7
  2220 | D:3      | Found a shimmering blue altar of Sif Muna.
  2282 | D:3      | Reached *** piety under Lugonu
  2504 | D:3      | Found a bloodstained altar of Trog.
  2514 | D:3      | Found an ancient bone altar of Kikubaaqudgha.
  2514 | D:3      | Found a basalt altar of Yredelemnul.
  2806 | D:4      | Noticed Menkaure
  2814 | D:3      | Killed Menkaure
  2815 | D:3      | Reached XP level 6. HP: 9/39 MP: 8/8
  3164 | D:4      | Reached skill level 5 in Fighting
  3164 | D:4      | Reached XP level 7. HP: 44/44 MP: 9/9
  3189 | D:4      | Reached skill level 5 in Polearms
  3319 | D:4      | Noticed Grinder
  3372 | D:4      | Killed Grinder
  3700 | D:4      | Found a radiant altar of Vehumet.
  3727 | D:4      | Found a staircase to the Ecumenical Temple.
  3793 | D:4      | Found a runed translucent door.
  4106 | D:4      | Reached XP level 8. HP: 18/51 MP: 10/10
  4350 | D:4      | Reached skill level 5 in Armour
  4488 | D:4      | Noticed Namnaref's ghost (weakling GrBe)
  4508 | D:5      | Entered Level 5 of the Dungeon
  4833 | D:5      | Got a heavy robe
  4887 | D:5      | Reached **** piety under Lugonu
  5099 | D:5      | Got a translucent amber ring
  5100 | D:5      | Identified the ring "Duxarupn" {rElec Str+2 Int+3 Slay+4
                  | Stlth-} (You found it on level 5 of the Dungeon)
  5860 | D:6      | Identified the Incunabulum of Twisted Unholy Arts
  6017 | D:6      | Found a stormy altar of Qazlal.
  6087 | D:6      | Reached XP level 9. HP: 43/57 MP: 11/11
  6956 | D:7      | Found Gitwoc's Assorted Antiques.
  7358 | D:7      | Identified the +2 robe "Paynox" {rC+ Slay+2 SInv} (You
                  | found it on level 5 of the Dungeon)
  7496 | D:8      | Noticed a two-headed ogre
  7511 | D:8      | Found a white marble altar of Elyvilon.
  7519 | D:8      | Killed a two-headed ogre
  7520 | D:8      | Reached XP level 10. HP: 57/65 MP: 12/12
  7525 | D:8      | Reached skill level 5 in Dodging
  7540 | D:8      | Noticed a two-headed ogre
  7545 | D:8      | Reached ***** piety under Lugonu
  7553 | D:8      | Killed a two-headed ogre
  7581 | D:8      | Slain by a swamp worm

Illustrated notes

Levels and vault maps discovered:
D:1:      dpeg_arrival_arbitrary_c, layout_basic
D:2:      layout_loops_ring, serial_bayou_ford_a, minmay_pentomino_pile,
          uniq_robin
D:3:      layout_rooms, gammafunk_temple_overflow_forgotten, led_sif_pool
D:4:      layout_basic, vehumet_crystals, minmay_temple_entry_poolview,
          ebering_ghost_reflecting_pool, uniq_menkaure, uniq_grinder
D:5:      layout_cave_pools
D:6:      layout_loops_ring, grunt_qazlal_clouds,
          lightli_ossuary_entry_decrepit_ruins
D:7:      layout_loops_ring, serial_shops, nicolae_shop_overgrown_old_shop
D:8:      layout_rooms, elyvilon_altar_5, nicolae_overflow_crystal_walls,
          slow_altar_2, enter_bailey_3, minivault_1, chequers_arboretum,
          minmay_door_square, worms_lemuel

Skill      XL: |  1  2  3  4  5  6  7  8  9 10 |
---------------+-------------------------------+-----
Dodging        | 2 3 4 5 |  5.8
Polearms       | 3 4 5 7 9 |  9.6
Fighting       | 4 5 7 8 9 |  9.1
Armour         | 3 4 6 7 |  7.7
Invocations    | |  1.5

Action                   |  1- 3 |  4- 6 |  7- 9 | 10-12 || total
-------------------------+-------+-------+-------+-------++-------
Melee: Spear             |   110 |   174 |   430 |    51 ||   765
       Kick              |    15 |    41 |   112 |     9 ||   177
       Peck              |    11 |    16 |    71 |     6 ||   104
 Abil: Fly               |       |     1 |       |       ||     1
Evoke: Wand              |       |       |     4 |     4 ||     8
  Use: Potion            |     1 |       |       |     3 ||     4
       Scroll            |       |     8 |     1 |       ||     9
 Stab: Paralysed         |       |       |     2 |     3 ||     5
Armor: Leather armour    |    31 |     3 |       |       ||    34
       Skin              |     5 |    30 |       |    18 ||    53
       Ring mail         |       |     7 |       |       ||     7
       Chain mail        |       |    26 |   135 |       ||   161
       Robe              |       |       |     1 |     2 ||     3
Dodge: Dodged            |    51 |    51 |   112 |    22 ||   236
